[Event "Julius Baer Generation Cup Prelims 2022"]
[Site "Online"]
[Date "2022.09.14"]
[Round "11.1"]
[White "Wojtaszek, Radoslaw"]
[Black "Giri, Anish"]
[Result "0-1"]
[ECO "D85"]
[WhiteElo "2696"]
[BlackElo "2764"]
[Annotator "TA"]
[PlyCount "144"]
[EventDate "2022.09.12"]
[EventType "tourn"]
[EventCountry "NET"]
[SourceTitle "playchess.com"]
[Source "ChessBase"]
[SourceQuality "1"]
[TimeControl "900+10"]

1. d4 Nf6 2. c4 g6 3. Nc3 d5 4. cxd5 Nxd5 5. e4 Nxc3 6. bxc3 Bg7 7. Nf3 c5 8. h3 O-O 9. Be2 Nc6 10. Be3 {[%emt 0:00:14] CPLX 2.4} cxd4 {[%emt 0:00:03] CPLX 2.4. D85: Exchange Grünfeld: Unusual White 7th moves and lines with 7 Nf3.} 11. cxd4 {[%emt 0:00:01] RECAPT} Qa5+ {[%emt 0:00:03] CPLX 2.4} 12. Bd2 {[%emt 0:00:06] CPLX 3.3} Qa3 {[%emt 0:00:03] CPLX 3.1. The position is equal.} 13. d5 {[%emt 0:00:17] BESTDEEP} Ne5 {[%emt 0:00:02] BESTDEEP} 14. Rb1 {[%emt 0:02:02] BESTDEEP} Nxf3+ {[%emt 0:04:29] CPLX 2.8} 15. Bxf3 {[%emt 0:00:04] RECAPT} Qxa2 {[%emt 0:00:01] CPLX 2.4} 16. O-O {[%emt 0:00:30] CPLX 2.4} a5 {[%emt 0:00:09] [#] CPLX 2.5} 17. Re1 $146 {[%emt 0:01:26] CPLX 2.5 15 (Qd1-c1) (=2)} ({Predecessor:} 17. Bf4 a4 18. e5 Qc4 19. Qd2 {½-½ (76) Carlsen,M (2862)-Nepomniachtchi,I (2784) chess24.com INT 2020}) 17... a4 {[%emt 0:00:33] CPLX 2.6 11 (Bg7-e5) (=1)} (17... Be5 {is interesting.} 18. Bh6 Rd8 19. Be3 b5) 18. Bb4 {[%emt 0:00:50] EASY} Re8 {[%emt 0:01:46] CPLX 2.9} 19. Qd3 {[%emt 0:04:30] CPLX 2.9 32 (Qd1-c1) (=5)} b6 {[%emt 0:01:05][%cal Ob6b5] CPLX 2.9 32 (Bc8-d7) (=4)} 20. e5 {[%emt 0:02:16] [#] Threatens to win with Qc3. CPLX 2.8 45 (Re1-d1) (=8)} Bf5 {[%emt 0:00:17] CPLX 2.9} 21. Be4 {[%emt 0:00:04] EASY} Bxe4 {[%emt 0:00:31] BESTDEEP} 22. Qxe4 {[%emt 0:01:10] RECAPT} Rac8 {[%emt 0:01:19][%cal Ba8c8,Bc8c4,Bc4e4][%mdl 32] CPLX 2.8 36 (Ra8-d8) (=6)} (22... Rad8 $5 23. Red1 b5 $17) 23. Ra1 {[%emt 0:00:17] CPLX 2.8 27 (e5-e6) (=9)} Qb3 {[%emt 0:00:52] And now ...Rc4 would win. CPLX 3.1 0 (Qa2-c2) (=6)} 24. Re3 {[%emt 0:01:57] CPLX 2.6 42 (Ra1-b1) (=11)} Rc4 {[%emt 0:02:31] EASY} 25. Rxb3 {[%emt 0:00:19] CPLX 3.6} Rxe4 {[%emt 0:00:01] EASY} 26. Rxa4 {[%emt 0:00:02] CPLX 2.4} Bxe5 {[%emt 0:00:08] White must now prevent ...Bd6. CPLX 2.3 9 (Re4xe5) (=5)} 27. Ra7 {[%emt 0:00:09] CPLX 2.4} Bd4 {[%emt 0:00:42] BESTDEEP} 28. g3 {[%emt 0:00:52] CPLX 2.0 6 (Kg1-f1) (=9)} Re2 {[%emt 0:00:05] CPLX 2.0 21 (Kg8-f8) (=6)} 29. Rf3 {[%emt 0:00:06] CPLX 2.2} f5 {[%emt 0:00:28] CPLX 2.1 37 (Bd4-c5) (=7)} 30. Kf1 {[%emt 0:01:00] CPLX 2.2 10 (Kg1-g2) (=8)} Re4 {[%emt 0:00:36][%cal Od4f2] BESTDEEP} 31. Ba3 {[%emt 0:00:26] BESTDEEP} h5 {[%emt 0:01:12] CPLX 2.0 24 (Bd4-c5) (=8)} 32. h4 {[%emt 0:00:02] CPLX 2.0 5 (Rf3-d3) (=8)} Bf6 {[%emt 0:01:09] CPLX 2.0 14 (Kg8-f8) (=8)} 33. Rb7 {[%emt 0:00:04] CPLX 2.1 9 (Rf3-b3) (=8)} Rd4 {[%emt 0:00:08] BESTDEEP} 34. Rxb6 {[%emt 0:00:38] CPLX 2.1 46 (Rb7-d7) (=9)} (34. Rd7 $11) 34... Rxd5 $15 {[%emt 0:00:03] CPLX 2.0} 35. Bb2 {[%emt 0:00:06] BESTDEEP} Bxb2 {[%emt 0:00:46] CPLX 2.0} 36. Rxb2 {[%emt 0:00:00][%mdl 4096] Endgame KRR-KRR. RECAPT} Kf7 {[%emt 0:00:05] CPLX 2.0} 37. Rb7 {[%emt 0:00:05] CPLX 2.0 0 (Rf3-b3) (=8)} Re5 {[%emt 0:00:06] CPLX 2.0 0 (Rd5-d2) (=7)} 38. Rbb3 {[%emt 0:00:26] CPLX 2.0 4 (Kf1-g2) (=8)} Kf6 {[%emt 0:01:01] CPLX 2.0 4 (Re8-a8) (=6)} 39. Rfe3 {[%emt 0:00:17] BESTDEEP} Rxe3 {[%emt 0:00:01] CPLX 2.0} 40. Rxe3 {[%emt 0:00:00] KR-KR. RECAPT} e5 {[%emt 0:00:01] CPLX 2.0 4 (Re8-a8) (=6)} 41. Kg2 {[%emt 0:00:11] CPLX 2.0 0 (Re3-a3) (=8)} Re6 {[%emt 0:00:02] CPLX 2.0 0 (Kf6-f7) (=6)} 42. Ra3 {[%emt 0:00:03] CPLX 2.0} g5 {[%emt 0:00:10] CPLX 2.0 52 (Re6-d6) (=7)} (42... Rd6 $15 {is superior.}) 43. hxg5+ $11 {[%emt 0:00:02] CPLX 2.0} Kxg5 {[%emt 0:00:00] RECAPT} 44. Ra8 {[%emt 0:00:11] CPLX 2.0} Rg6 {[%emt 0:00:22] CPLX 2.0 5 (f5-f4) (=7)} 45. Ra4 {[%emt 0:00:28] CPLX 2.0 8 (Ra8-e8) (=7)} e4 {[%emt 0:00:05] CPLX 2.0 2 (f5-f4) (=7)} 46. Ra5 {[%emt 0:00:53] CPLX 2.0 12 (f2-f3) (=7)} h4 {[%emt 0:00:12] CPLX 2.0 10 (Rg6-d6) (=7)} 47. Ra8 {[%emt 0:00:28] RELBLUND 60 (f2-f3) (=8)} (47. f3 $11) 47... hxg3 $15 {[%emt 0:00:24] EASY} 48. Kxg3 {[%emt 0:00:03] RECAPT} Kf6+ {[%emt 0:00:19] CPLX 2.0 28 (f5-f4) (=7)} 49. Kf4 {[%emt 0:00:10] EASY} Rg4+ {[%emt 0:00:12] CPLX 2.0} 50. Ke3 {[%emt 0:00:01] LEGAL} Rh4 {[%emt 0:00:19] CPLX 2.0} 51. Rf8+ {[%emt 0:00:02] CPLX 2.0 0 (Ra8-d8) (=8)} Ke6 {[%emt 0:00:13] CPLX 2.0} 52. Re8+ {[%emt 0:00:03] CPLX 2.0 0 (Ke3-e2) (=7)} Kf7 {[%emt 0:00:06] CPLX 2.0} 53. Ra8 {[%emt 0:00:07] CPLX 2.0 0 (Re8-b8) (=7)} Rh3+ {[%emt 0:00:05] CPLX 2.0} 54. Ke2 {[%emt 0:00:08] EASY} Kf6 {[%emt 0:00:03] CPLX 2.0} 55. Kf1 {[%emt 0:00:17] CPLX 2.0 27 (Ra8-e8) (=8)} Rb3 {[%emt 0:00:05] CPLX 2.0 27 (f5-f4) (=7)} 56. Kg2 {[%emt 0:00:04] CPLX 2.0 27 (Ra8-e8) (=8)} Ke5 {[%emt 0:00:09] CPLX 2.0 27 (f5-f4) (=7)} 57. Re8+ {[%emt 0:00:08] BESTDEEP} Kf4 {[%emt 0:00:00] CPLX 2.0} 58. Re7 {[%emt 0:00:05] CPLX 2.0 27 (Re8-a8) (=8)} Rb2 {[%emt 0:00:04] BESTDEEP} 59. Re8 {[%emt 0:00:04] BESTDEEP} Ra2 {[%emt 0:00:05] BESTDEEP} 60. Re7 {[%emt 0:00:07] BESTDEEP} Re2 {[%emt 0:00:03] ( -> ...e3). CPLX 2.0 0 (Ra2-d2) (=7)} 61. Ra7 Rb2 62. Re7 Rb8 63. Ra7 Rg8+ 64. Kf1 Kg4 65. Ra4 Rb8 66. Kg2 Rb2 67. Rc4 Kg5 68. Kf1 Kf4 {[%emt 0:00:18] Black is more active.} 69. Rc5 Kg4 {[%emt 0:00:20] aiming for ...f4.} 70. Rc4 f4 ({Black should play} 70... Rb3 $17 {Strongly threatening ...Kf3.} 71. Kg2 Rb2) 71. Rxe4 $11 Kf3 $1 72. Ra4 $2 {[%emt 0:00:01][%mdl 8192] [#]} (72. Re6 $17) 72... Rb1# {[%emt 0:00:01] Weighted Error Value: White=0.10 (very precise) /Black=0.07 (flawless)} 0-1

[Event "Julius Baer Generation Cup Prelims 2022"]
[Site "Online"]
[Date "2022.09.14"]
[Round "12.8"]
[White "Wojtaszek, Radoslaw"]
[Black "Keymer, Vincent"]
[Result "0-1"]
[ECO "D11"]
[WhiteElo "2696"]
[BlackElo "2693"]
[Annotator "TA"]
[PlyCount "142"]
[EventDate "2022.09.12"]
[EventType "tourn"]
[EventCountry "NET"]
[SourceTitle "playchess.com"]
[Source "ChessBase"]
[SourceQuality "1"]
[TimeControl "900+10"]

1. d4 Nf6 2. Nf3 d5 3. g3 c6 4. c4 dxc4 5. a4 Bf5 {[%emt 0:01:04][%cal Oc6c5] CPLX 2.2 45 (e7-e5) (=45)} 6. Bg2 {[%emt 0:01:20] CPLX 2.4. D11: Slav Defence: 3 Nf3 sidelines and 3...Nf6 4 e3 Bg4.} e6 {[%emt 0:00:42] CPLX 2.5 8 (Nb8-a6) (=27)} 7. O-O {[%emt 0:00:13] CPLX 2.6 3 (Nb1-c3) (=2)} Bb4 {[%emt 0:00:49] CPLX 2.3} 8. Ne5 {[%emt 0:00:12] CPLX 2.4 3 (Nb1-d2) (=2). The position is equal.} Be4 {[%emt 0:01:22] [#] BESTDEEP} 9. Bxe4 $146 {[%emt 0:00:27] CPLX 3.4} ({Predecessor:} 9. f3 Bxb1 10. Rxb1 c5 11. dxc5 Qc7 12. c6 Nxc6 {½-½ (12) Boos,O (2018)-Meyer,P (2318) Baden 2013}) 9... Nxe4 {[%emt 0:00:00] RECAPT} 10. Nxc4 {[%emt 0:00:01] CPLX 2.9} a5 {[%emt 0:00:23] CPLX 2.4 21 (0-0) (=12)} 11. Qd3 {[%emt 0:00:13] CPLX 2.5 0 (Nb1-a3) (=1)} Nd6 {[%emt 0:00:39] CPLX 2.8 0 (f7-f5) (=11)} 12. Ne5 {[%emt 0:00:02] CPLX 2.5 28 (Nb1-a3) (=5)} Nd7 {[%emt 0:00:24][%cal Bb8d7,Bd7f6,Bf6d5][%mdl 32] CPLX 2.5 38 (f7-f6) (=14)} 13. Nf3 {[%emt 0:00:02] CPLX 2.7 36 (Rf1-d1) (=9)} O-O {[%emt 0:00:25] BESTDEEP} 14. Bf4 {[%emt 0:00:06] CPLX 2.6 8 (Rf1-d1) (=9)} Nf6 {[%emt 0:00:29] CPLX 2.7 13 (Qd8-e7) (=13)} 15. Nc3 {[%emt 0:00:41] CPLX 2.4 20 (Bf4-d2) (=10)} Nd5 {[%emt 0:00:58] BESTDEEP} 16. Bd2 {[%emt 0:00:38] CPLX 3.2 7 (Bf4xd6) (=10)} f5 {[%emt 0:00:14] CPLX 2.9 10 (Qd8-e7) (=11)} 17. Ne5 {[%emt 0:00:53] CPLX 2.5 10 (h2-h4) (=10)} Ne4 {[%emt 0:00:39] CPLX 2.7 28 (Nd6-f7) (=13)} 18. Be1 {[%emt 0:00:50] CPLX 3.2 28 (Nc3xe4) (=11)} Ng5 {[%emt 0:01:32][%cal Be4g5,Bg5f7,Bf7d6,Bd6c4][%mdl 32] BESTDEEP} 19. h4 {[%emt 0:04:09] BESTDEEP} Nf7 {[%emt 0:00:10] CPLX 3.2} 20. Nf3 {[%emt 0:00:07] BESTDEEP} Nd6 {[%emt 0:01:40] CPLX 2.4 29 (Nd5-f6) (=12)} 21. Bd2 {[%emt 0:01:04] CPLX 2.5 22 (Nc3xd5) (=10)} Qe8 {[%emt 0:00:13] CPLX 2.5 15 (Qd8-e7) (=12)} 22. Ne5 {[%emt 0:00:24] CPLX 2.5 22 (Nc3xd5) (=11)} Qh5 {[%emt 0:01:05] RELBLUND 51 (Nd5-f6) (=14)} (22... Nf6 $11) 23. Rad1 {[%emt 0:00:16] CPLX 2.8 51 (e2-e3) (=13)} (23. e3 $14) 23... Rad8 {[%emt 0:00:32] RELBLUND 54 (Nd6-f7) (=16)} (23... Nf7 $11) 24. Qf3 {[%emt 0:00:57] RELBLUND 54 (Nc3xd5) (=15)} (24. Nxd5 $14 exd5 25. Bf4) 24... Qxf3 $11 {[%emt 0:00:46] EASY} 25. Nxf3 {[%emt 0:00:07] RECAPT} Nc4 {[%emt 0:00:18] CPLX 2.1} 26. Nxd5 {[%emt 0:00:05] CPLX 2.4} cxd5 {[%emt 0:01:10] RECAPT} 27. Bxb4 {[%emt 0:01:31] EASY} axb4 {[%emt 0:00:00] RECAPT} 28. b3 {[%emt 0:00:01] CPLX 2.0 2 (Rd1-c1) (=13)} Na5 {[%emt 0:00:04] CPLX 2.0} 29. Rd3 {[%emt 0:01:17] BESTDEEP} Rc8 $1 {[%emt 0:00:17] Inhibits Rc1. DEEPSTRONG} 30. Re3 {[%emt 0:00:14] BESTDEEP} Rfe8 {[%emt 0:00:23] BESTDEEP} 31. Rd1 {[%emt 0:00:57] CPLX 2.0 19 (Kg1-g2) (=12)} Rc3 {[%emt 0:01:48] CPLX 2.0 19 (Re8-e7) (=12)} 32. Rdd3 {[%emt 0:00:23] MISSDEEP-Re3xc3 65 (Re3xc3) (=14)} (32. Rxc3 $1 $11 bxc3 33. Rb1 (33. Rc1 Rc8 $15)) 32... Rec8 {[%emt 0:00:30] Black is more active. CPLX 2.1 65 (Rc3-c1) (=14)} (32... Rc1+ $15 33. Kg2 Nc4 $1 34. bxc4 dxc4) 33. Rxe6 {[%emt 0:00:11] BESTDEEP} Nxb3 {[%emt 0:00:02] CPLX 2.1} 34. Rb6 {[%emt 0:00:15] CPLX 2.2} Nc1 {[%emt 0:00:02][%csl LRd3,LRe2] CPLX 2.2} 35. Rd2 {[%emt 0:00:54] BESTDEEP} b3 {[%emt 0:00:02] BESTDEEP} 36. Rxb7 {[%emt 0:00:12] CPLX 2.3} Rc2 {[%emt 0:00:42] CPLX 2.4} 37. Kf1 {[%emt 0:00:24] CPLX 2.6 0 (Kg1-g2) (=12)} h6 {[%emt 0:00:49] BESTDEEP} 38. a5 {[%emt 0:01:06] CPLX 2.5 0 (e2-e3) (=11)} Ra2 {[%emt 0:00:02] CPLX 2.6} 39. Rxb3 {[%emt 0:00:13] aiming for Rxa2. MISS-Rb7-b5 40 (Rb7-b5) (=12)} Rxd2 {[%emt 0:00:36] CPLX 2.5} 40. Nxd2 {[%emt 0:00:01] RECAPT} Nxb3 {[%emt 0:00:02] EASY} 41. Nxb3 {[%emt 0:00:00][%mdl 4096] Endgame KR-KN. RECAPT} Rc4 {[%emt 0:00:07] BESTDEEP} 42. Ke1 {[%emt 0:00:56] White is now going downhill. CPLX 2.3 84 (e2-e3) (=14)} (42. e3 $15) 42... Rb4 $17 {[%emt 0:00:11] CPLX 2.3=>BLUNDERREACT} 43. Nc5 {[%emt 0:00:14] CPLX 2.5} Rxd4 {[%emt 0:00:01] CPLX 2.4} 44. a6 {[%emt 0:00:14] a7 would kill now. CPLX 2.4 17 (e2-e3) (=13)} Rc4 {[%emt 0:00:01] DEEPSTRONG} 45. Nd7 {[%emt 0:00:09] CPLX 2.8 101 (Nc5-e6) (=16)} ({Avoid the trap} 45. a7 $2 Rc1+ 46. Kd2 Ra1 $19) (45. Ne6 $17) 45... Ra4 $19 {[%emt 0:00:14] CPLX 2.6} 46. Nb6 {[%emt 0:00:02] MISS-Nd7-c5 33 (Nd7-c5) (=16)} Ra1+ {[%emt 0:00:01] CPLX 2.9} ({Worse is} 46... Rxa6 47. Nxd5 Kf7 48. h5 $17) 47. Kd2 {[%emt 0:00:03] LEGAL} Rxa6 {[%emt 0:00:00] DEEPSTRONG} ({Weaker is} 47... d4 48. Nc8 $17) 48. Nd7 {[%emt 0:00:05] BESTDEEP} Kf7 {[%emt 0:00:03] CPLX 2.0} 49. Ne5+ {[%emt 0:00:11] CPLX 2.0} Ke6 {[%emt 0:00:10] CPLX 2.0 0 (Kf7-f6) (=9)} 50. Nd3 {[%emt 0:00:05] Nc5+ is the strong threat. CPLX 2.3 1 (Ne5-g6) (=15)} Kd6 {[%emt 0:00:17] Against Nc5. CPLX 2.0 8 (Ra6-a2) (=9)} 51. Ke3 {[%emt 0:00:01] CPLX 2.0 143 (e2-e3) (=17)} (51. e3 {was necessary.}) 51... Ra4 {[%emt 0:00:03] Threatens to win with ...g5. CPLX 2.1 143 (g7-g5) (=12)} 52. Kf3 $2 {[%emt 0:00:01] CPLX 2.2 161 (h4-h5) (=20)} (52. h5) 52... g5 {[%emt 0:00:12] CPLX 2.2} 53. hxg5 {[%emt 0:00:02] CPLX 2.5} hxg5 {[%emt 0:00:00][%cal Bh6g5,Bg5g4][%mdl 32] RECAPT} 54. Ke3 {[%emt 0:00:04] RELBLUND 400 (e2-e3) (=28)} (54. e3) 54... Re4+ $2 {[%emt 0:00:16] RELBLUND 400 (d5-d4) (=19)} (54... d4+ 55. Kd2 Ra2+ 56. Kd1 Ra1+ 57. Kd2 Kd5) 55. Kd2 {[%emt 0:00:04] EASY} d4 {[%emt 0:00:06] CPLX 2.1 81 (Re4-c4) (=20)} 56. Ne1 {[%emt 0:00:03] CPLX 2.1} Kd5 {[%emt 0:01:08] CPLX 2.0} 57. Nf3 $2 {[%emt 0:00:12] RELBLUND 400 (Kd2-d3) (=34)} (57. Kd3) 57... g4 {[%emt 0:00:11] CPLX 2.2=>BLUNDERREACT} 58. Nh4 {[%emt 0:00:03] CPLX 2.3 400 (Nf3-e1) (=41)} Re6 {[%emt 0:00:14] CPLX 2.1 244 (f5-f4) (=24)} 59. Kd3 {[%emt 0:00:23] BESTDEEP} Ke5 $2 {[%emt 0:00:14] RELBLUND 400 (Re6-a6) (=30)} (59... Ra6 {And now ...Ra3+ would win.} 60. Nxf5 Ke5) 60. Ng2 $2 {[%emt 0:00:35] RELBLUND 400 (e2-e3) (=47)} (60. e3) 60... Ra6 {[%emt 0:00:04] CPLX 2.1} 61. Nf4 Ra3+ 62. Kd2 Kd6 {[%emt 0:00:02] Strongly threatening ...Kc6.} 63. Ng6 $2 (63. Kc2) 63... Kd5 64. Nf4+ Kc4 {[%emt 0:00:02] Black mates.} 65. Ke1 Ra1+ 66. Kd2 Ra2+ 67. Ke1 Kc3 68. Nd5+ {[%emt 0:00:09] [#]} Kb3 $1 69. Kf1 Ra5 70. Nf4 Kc2 71. Kg2 Re5 {[%emt 0:00:08] Weighted Error Value: White=0.61/Black=0.37} 0-1

[Event "Julius Baer Generation Cup Prelims 2022"]
[Site "Online"]
[Date "2022.09.14"]
[Round "14.7"]
[White "Wojtaszek, Radoslaw"]
[Black "Carlsen, Magnus"]
[Result "0-1"]
[ECO "D67"]
[WhiteElo "2696"]
[BlackElo "2861"]
[Annotator "TA"]
[PlyCount "104"]
[EventDate "2022.09.12"]
[EventType "tourn"]
[EventCountry "NET"]
[SourceTitle "playchess.com"]
[Source "ChessBase"]
[SourceQuality "1"]
[TimeControl "900+10"]

1. d4 d5 2. c4 e6 3. Nf3 c6 4. Bg5 Nf6 5. Nc3 Be7 6. e3 Nbd7 7. Bd3 dxc4 8. Bxc4 Nd5 9. Bxe7 Qxe7 10. Rc1 O-O 11. O-O {[%emt 0:00:02] 11.Ne4 is vanishing.} Nxc3 12. Rxc3 b6 13. Bd3 {[%emt 0:00:37] D67: Queen's Gambit Declined: Classical Main Line with 9...Nd5.} c5 14. Qc2 h6 15. Bh7+ {[%emt 0:00:47] White is slightly better.} Kh8 16. Be4 Rb8 17. Rc1 {[%emt 0:00:50][%cal Rd4c5] [#]} a5 $146 ({Predecessor:} 17... f5 18. Bc6 Bb7 19. Bxb7 Rxb7 20. b4 cxd4 21. Nxd4 Ne5 22. Rc8 Re8 23. Qb3 Kh7 24. Rxe8 Qxe8 25. Nxe6 {1-0 (30) Podgaets,M (2484)-Otero Acosta,D (2403) Havana 1999}) 18. h3 Rd8 19. a3 Ba6 20. Bc6 cxd4 21. Nxd4 Rbc8 22. Be4 (22. Qb1 $14) 22... Rxc3 $11 23. Qxc3 Qf8 24. Rd1 {[%emt 0:04:41] [#] And now Nc6 would win.} Nf6 25. Bf3 Rc8 {[%emt 0:00:02] Against Qc7} 26. Qd2 Rd8 {[%emt 0:01:28] ...e5 is the strong threat.} 27. Qe1 Kg8 28. b4 axb4 29. axb4 Bc4 30. Nc6 Rd6 31. Ne5 {[%emt 0:00:34] Threatens to win with Rxd6.} Rxd1 32. Qxd1 Bd5 33. Qd4 Bxf3 34. gxf3 {[%emt 0:00:06][%mdl 4096] Endgame KQN-KQN} Nd5 35. b5 Qa3 36. Kg2 Qb3 37. Qd3 (37. Qa1 {keeps more tension.} Qc2 38. Qd4 Qb1 39. Qd3) 37... Qxd3 38. Nxd3 {[%emt 0:00:00] KN-KN} Kf8 39. Ne5 Ke7 40. Nc4 Kd7 41. f4 $2 {[%emt 0:00:15] [#]} ({White should play} 41. e4 $11 Nf4+ 42. Kg3 Ne2+ 43. Kg4) 41... Kc7 $1 $17 42. Kf3 Nc3 43. Na3 (43. Ne5 $142) 43... Kd6 $19 44. Nc4+ $2 (44. e4 {was called for.}) 44... Kc5 45. Ne5 f5 46. Nd7+ Kxb5 47. Nf8 Kc4 {[%emt 0:00:01] Strongly threatening ...b5.} 48. Nxe6 b5 49. Nxg7 b4 {[%emt 0:00:01] Black mates.} 50. Nxf5 b3 51. Nd4 b2 52. Nc2 Nb5 {[%emt 0:00:04] Weighted Error Value: White=0.64/Black=0.03 (flawless)} 0-1